 Dungeon Crawl Stone Soup version 0.29-a0-352-g0917bc69df (webtiles) character file.

Game seed: 5910176638701835051

160 Hubjo the Magician (level 5, -2/31 HPs)
             Began as a Deep Elf Fire Elementalist on Apr 24, 2022.
             Was a Believer of Qazlal.
             Blown up by Ijyb (18 damage)
             ... with a mindburst bolt
             ... on level 3 of the Dungeon.
             The game lasted 00:04:06 (3678 turns).

Hubjo the Magician (Deep Elf Fire Elementalist)     Turns: 3678, Time: 00:04:06

Health: -2/31      AC:  4    Str: 11    XL:     5   Next: 17%
Magic:  13/13      EV: 13    Int: 20    God:    Qazlal [**....]
Gold:   128        SH:  2    Dex: 17    Spells: 11/12 levels left

rFire   . . .      SeeInvis .   f - +2 dagger (venom)
rCold   . . .      Faith    .   (no shield)
rNeg    . . .      Spirit   .   a - +0 robe
rPois   .          Reflect  .   c - +1 helmet
rElec   .          Harm     .   (no cloak)
rCorr   .          Rampage  .   (no gloves)
Will    .....                   (no boots)
Stlth   ++........              (no amulet)
HPRegen 0.10/turn               d - +6 ring of strength
MPRegen 0.13/turn               (no ring)

@: no status effects
A: no striking features
a: Renounce Religion, Upheaval


You were on level 3 of the Dungeon.
You worshipped Qazlal.
Qazlal was pleased with you.
You visited 1 branch of the dungeon, and saw 3 of its levels.

You collected 128 gold pieces.

Inventory:

Hand Weapons
 f - a +2 dagger of venom (weapon)
Armour
 a - a +0 robe (worn)
 c - a +1 helmet (worn)
Jewellery
 d - a +6 ring of strength (left hand)
 e - the ring of the Snail {Fly Will- Int+8}
   (You found it on level 2 of the Dungeon)

   [ring of flight]

   Int:       It affects your intelligence (+8).
   Fly:       It grants you flight.
   Will:      It decreases your willpower.
Scrolls
 h - a scroll of magic mapping {unknown}
 i - a scroll of teleportation
Potions
 b - a potion of magic
 g - a potion of flight {unknown}


   Skills:
 * Level 2.3 Fighting
 - Level 2.4 Dodging
 + Level 3.8 Stealth
 + Level 4.2 Spellcasting
 - Level 1.1 Conjurations
 + Level 4.1 Fire Magic


You had 11 spell levels left.
You knew the following spells:

 Your Spells              Type           Power      Damage    Failure   Level
a - Foxfire               Conj/Fire      56%        2x1d6     4%          1

Your spell library contained the following spells:

 Spells                   Type           Power      Damage    Failure   Level
 Scorch                   Fire           40%        2d7       3%          2
 Conjure Flame            Conj/Fire      14%        6-21      13%         3
 Inner Flame              Hex/Fire       12%        N/A       16%         3
 Flame Wave               Conj/Fire      14%        2d6       41%         4


Dungeon Overview and Level Annotations

Branches:
Dungeon (3/15)

Altars:
Qazlal

Shops:
D:1 =

Annotations:
D:3 Ijyb


Message History

Terence is severely wounded.
Terence barely misses you.
You hit Terence but do no damage.
Terence looks as sick as possible!
Terence is severely wounded.
Terence screams, "I'm going to kill you!"
Terence closely misses you.
You hit Terence but do no damage.
Terence looks as sick as possible!
Terence is almost dead.
You kill Terence!
Qazlal accepts your kill.
You have reached level 5!
You hit Ijyb.
Ijyb is poisoned.
Ijyb is lightly wounded.
You block Ijyb's attack.
You hit Ijyb but do no damage.
Ijyb is lightly wounded.
Ijyb closely misses you.
You hit Ijyb but do no damage.
Ijyb is moderately wounded.
Ijyb hits you with a +1 spectral club.
You hit Ijyb.
Ijyb looks as sick as possible!
Ijyb is moderately wounded.
Ijyb barely misses you.
You hit Ijyb but do no damage.
Ijyb looks as sick as possible!
Ijyb is moderately wounded.
Ijyb closely misses you.
You hit Ijyb.
Ijyb looks as sick as possible!
Ijyb is heavily wounded.
Ijyb closely misses you.
You hit Ijyb but do no damage.
Ijyb looks as sick as possible!
Ijyb is heavily wounded.
Ijyb zaps a wand.
You struggle to resist.
You closely miss Ijyb.
Ijyb is severely wounded.
Ijyb barely misses you.
You hit Ijyb but do no damage.
Ijyb looks as sick as possible!
Ijyb is severely wounded.
Ijyb zaps a wand.
Your mind is blasted!
Ouch! That really hurt!
You die...

#.......†.#
#.......#.#
#######.#.#
####### #.#.# #
#.....# #.#.####
.#. ##.##.#
#.#..... ....
#.[#.# #.######
....@ ######..#.#
#.#
......#.g@....#.#
#.#
.?....).#####.#.#
#.# ....#...#
.#.# #.#
..<....##
.#.###.# #....#
##.....# ..#.#.
####### . +...
####


You could see Ijyb (extremely poisoned).

Vanquished Creatures
  Terence (D:3)
  5 adders
  4 gnolls (D:2)
  4 bats
  2 endoplasms
  A giant cockroach (D:2)
  5 goblins
  2 hobgoblins
  6 jackals
  6 kobolds
  4 quokkas
  7 ball pythons
  3 frilled lizards
  5 rats
  2 foxfires (D:1)
57 creatures vanquished.

Vanquished Creatures (others)
  155 foxfires
155 creatures vanquished.

Grand Total: 212 creatures vanquished

Notes
Turn   | Place    | Note
-------+----------+-------------------------------------------
     0 | D:1      | Hubjo the Deep Elf Fire Elementalist began the quest for
                  | the Orb.
     0 | D:1      | Reached XP level 1. HP: 10/10 MP: 6/6
   142 | D:1      | Found Liajawn's Jewellery Emporium.
   166 | D:1      | Found a faded altar of an unknown god.
   199 | D:1      | Prayed at the altar of an unknown god.
   199 | D:1      | Became a worshipper of Qazlal Stormbringer
   199 | D:1      | Reached * piety under Qazlal
   461 | D:1      | Reached XP level 2. HP: 14/16 MP: 6/8
  1179 | D:1      | Reached skill level 1 in Fighting
  1742 | D:2      | Reached XP level 3. HP: 15/20 MP: 9/9
  2398 | D:2      | Reached XP level 4. HP: 20/26 MP: 4/11
  2639 | D:2      | Reached ** piety under Qazlal
  2869 | D:2      | Identified the ring of the Snail {Fly Will- Int+8}
  3657 | D:3      | Noticed Ijyb
  3657 | D:3      | Noticed Terence
  3669 | D:3      | Killed Terence
  3670 | D:3      | Reached XP level 5. HP: 19/31 MP: 13/13
  3678 | D:3      | Blown up by Ijyb

Illustrated notes

Levels and vault maps discovered:
D:1:      minmay_arrival_three_doors, layout_rooms, serial_shops, shop,
          hellmonk_ecumenical_altar_lost_god, minmay_misc_feat_secret_circle,
          minivault_19
D:2:      minmay_recursive_quarters, layout_basic
D:3:      layout_basic, serial_shops, shop, uniq_ijyb, uniq_grinder,
          uniq_terence

Skill      XL: |  1  2  3  4 |
---------------+-------------+-----
Fighting       | 1 2 |  2.3
Stealth        | 3 |  3.8
Spellcasting   | 4 |  4.2
Fire Magic     | 4 |  4.1
Dodging        | |  2.4
Conjurations   | |  1.1

Action                   |  1- 3 |  4- 6 || total
-------------------------+-------+-------++-------
Melee: Unarmed           |    50 |       ||    50
       Dagger            |    39 |    44 ||    83
 Cast: Foxfire           |    67 |    44 ||   111
  Use: Scroll            |     1 |       ||     1
       Potion            |     1 |       ||     1
Armor: Robe              |    31 |     8 ||    39
Dodge: Dodged            |    71 |    25 ||    96
Block: Other             |     8 |     5 ||    13

Table legend: (Time is in decaauts)
 A = Elapsed time spent in this place.
 B = Non-inter-level travel time spent in this place.
 C = Inter-level travel time spent in this place.
 D = Time resting spent in this place.
 E = Time spent auto-exploring this place.
 F = Levels seen in this place.
 G = Mean time per level.
                   A        B        C        D        E       F      G
               +--------+--------+--------+--------+--------+-----+--------+
         Total |   3676 |   3617 |     59 |      0 |   3199 |   3 | 1225.3 |
       Dungeon |   3676 |   3617 |     59 |      0 |   3199 |   3 | 1225.3 |
               +--------+--------+--------+--------+--------+-----+--------+

Top non-repeatable levels by time:
     D:2: 2123 daAuts
     D:1: 1422 daAuts
     D:3: 130 daAuts
